Map: King's Cove LE

Players

Reynor - Winner!

  • Race: Zerg Zerg
  • League: Master
  • Spawn Location: 5:00

Rail

  • Race: Protoss Protoss
  • League: Grandmaster
  • Spawn Location: 11:00

Event: 2019 WCS Winter Europe

VOD

Have the link to the VOD?

Description

Time

  • Played on: March 24, 2019, 10:32 a.m.
  • Length: 18:17

All games in this series

Show
View Real Time Build Order
Export as new Build Order

Reynor Zerg - Winner!

Build Orders: Hatch First 

Get SALT Encoding   

  12  0:00  Drone  
  13  0:12  Overlord  
  13  0:18  Drone  
  14  0:30  Drone x2  
  14  0:34  Drone  
  17  0:53  Hatchery  
  17  0:56  Drone  
  17  0:59  Drone  
  18  1:11  Extractor  
  17  1:15  Spawning Pool  
  17  1:17  Drone  
  17  1:20  Drone  
  18  1:27  Drone  
  19  1:39  Drone  
  20  1:49  Drone  
  21  2:02  Zergling x2  
  21  2:04  Queen x2  
  21  2:05  Zergling x2  
  27  2:10  Overlord  
  27  2:16  Drone  
  28  2:26  Metabolic Boost  
  28  2:29  Drone x2  
  30  2:38  Hatchery  
  30  2:40  Drone  
  30  2:45  Drone x2  
  30  2:48  Drone  
  33  2:53  Overlord  
  33  2:59  Drone  
  33  3:04  Drone  
  35  3:14  Drone x3  
  35  3:15  Overlord  
  35  3:16  Drone  
  35  3:18  Queen  
  42  3:20  Drone  
  43  3:27  Drone  
  43  3:29  Spore Crawler  
  43  3:30  Drone  
  43  3:37  Overlord  
  43  3:42  Drone  
  43  3:46  Overlord  
  44  3:49  Queen  
  44  3:50  Drone x4  
  44  3:55  Queen  
  52  3:57  Spore Crawler  
  52  4:00  Drone x2  
  52  4:01  Drone  
  54  4:04  Overlord  
  54  4:07  Drone  
  55  4:13  Spore Crawler  
  55  4:15  Drone x2  
  55  4:16  Zergling x4  
  57  4:21  Overlord  
  57  4:26  Zergling x4  
  57  4:27  Drone x2  
  61  4:31  Queen  
  61  4:32  Drone  
  61  4:33  Drone  
  61  4:34  Drone  
  66  4:42  Spore Crawler  
  66  4:43  Zergling x4  
  66  4:45  Overlord  
  67  4:46  Drone x3  
  67  4:49  Zergling x2  
  68  4:56  Drone x2  
  68  4:57  Lair  
  68  4:58  Extractor  
  69  5:00  Drone x4  
  69  5:03  Evolution Chamber, Drone  
  69  5:06  Drone x2  
  75  5:08  Zergling x2  
  75  5:09  Zergling x2  
  75  5:11  Drone  
  78  5:17  Drone  
  78  5:19  Roach Warren, Drone  
  79  5:22  Overlord  
  79  5:26  Extractor  
  79  5:28  Drone x3  
  79  5:32  Extractor  
  79  5:34  Zerg Melee Weapons Level 1  
  78  5:35  Drone  
  78  5:36  Drone x2  
  78  5:38  Overlord  
  78  5:39  Overlord  
  81  5:43  Drone  
  81  5:44  Drone x2  
  81  5:45  Drone  
  81  5:46  Extractor  
  81  5:47  Extractor  
  83  5:51  Overlord  
  83  5:57  Drone x3  
  83  6:01  Glial Reconstitution  
  83  6:03  Drone x4  
  89  6:04  Drone  
  89  6:05  Baneling Nest  
  89  6:06  Drone x4  
  89  6:07  Drone  
  89  6:08  Drone  
  91  6:11  Overlord  
  91  6:16  Roach x2  
  95  6:25  Roach x3  
  100  6:29  Drone  
  100  6:30  Roach x2  
  100  6:31  Roach  
  105  6:34  Hatchery  
  104  6:44  Overlord  
  104  6:50  Centrifical Hooks  
  104  6:56  Overlord  
  104  7:00  Ravager x4  
  108  7:02  Drone x5  
  108  7:03  Zergling x18  
  108  7:04  Queen  
  124  7:12  Overlord  
  124  7:13  Zergling x4  
  125  7:17  Queen  
  127  7:23  Zergling x8  
  127  7:24  Zergling x4  
  127  7:26  Drone  
  127  7:27  Drone x3  
  127  7:29  Zerg Melee Weapons Level 2  
  137  7:30  Overlord  
  137  7:31  Ravager x4  
  137  7:32  Spore Crawler  
  137  7:35  Zergling x2  
  141  7:38  Drone x2  
  141  7:40  Overlord  
  141  7:43  Zergling x4  
  144  7:48  Zergling x4  
  144  7:50  Zergling x4  
  146  7:52  Zergling x4  
  146  7:53  Zergling x2  
  146  7:57  Zergling x10  
  152  8:02  Baneling x7  
  152  8:03  Roach, Baneling x7  
  152  8:04  Baneling x3  
  152  8:05  Roach  
  156  8:08  Roach x2  
  156  8:11  Baneling x6  
  160  8:14  Overlord  
  160  8:15  Zergling x2  
  160  8:16  Baneling x4  
  161  8:20  Zergling x10  
  160  8:32  Hatchery, Zergling x20  
  145  8:40  Zergling x6  
  135  8:44  Zergling x2  
  135  8:45  Zergling x2  
  135  8:47  Zergling x2  
  131  8:54  Zergling x2  
  131  8:55  Zergling x18  
  132  9:01  Roach x2  
  127  9:06  Roach  
  127  9:07  Roach  
  131  9:11  Roach x2  
  131  9:12  Infestation Pit  
  131  9:13  Baneling x9  
  131  9:16  Zergling x2  
  135  9:18  Zergling x4  
  135  9:19  Zergling x8  
  135  9:21  Drone x2  
  135  9:23  Ravager x4  
  135  9:24  Zergling x2  
  148  9:30  Drone  
  149  9:31  Zergling x4  
  149  9:37  Roach x2, Zergling x4  
  148  9:44  Zergling x6  
  150  9:47  Roach x3, Zergling x8  
  150  9:49  Drone  
  150  9:50  Hive  
  161  9:53  Baneling x13  
  161  9:55  Drone x4  
  161  9:57  Baneling x7  
  165  10:00  Zergling x2  
  165  10:04  Drone  
  165  10:05  Drone x2, Spire  
  165  10:06  Drone  
  169  10:08  Ravager x2  
  169  10:09  Ravager  
  169  10:10  Zergling x2  
  173  10:16  Zergling x18  
  182  10:21  Overlord  
  182  10:26  Overlord x2  
  182  10:27  Extractor  
  182  10:28  Baneling x6  
  175  10:38  Zergling x14  
  182  10:45  Zergling x6  
  182  10:46  Zergling x6  
  182  10:48  Baneling  
  182  10:49  Baneling x25  
  187  10:52  Zergling x24  
  199  10:59  Baneling x7  
  199  11:02  Baneling x2  
  199  11:03  Zergling x2  
  171  11:15  Roach x4, Zergling x20  
  162  11:18  Zergling x6  
  162  11:22  Zergling x4  
  162  11:23  Zergling x16  
Show
View Real Time Build Order
Export as new Build Order

Rail Protoss 

Build Orders: 1 Gate Expand, Phoenix Opening, Archon Immortal 

Get SALT Encoding   

  12  0:00  Probe  
  13  0:12  Probe  
  14  0:18  Pylon  
  14  0:24  Probe  
  15  0:32  Probe  
  15  0:39  Gateway  
  15  0:40  Probe  
  16  0:48  Assimilator  
  17  0:51  Probe  
  18  1:03  Probe  
  19  1:16  Probe  
  20  1:27  Nexus  
  20  1:37  Cybernetics Core  
  20  1:39  Probe  
  21  1:45  Assimilator  
  21  1:52  Probe  
  22  1:57  Pylon  
  22  2:04  Probe  
  23  2:14  Stalker  
  23  2:15  Stargate  
  23  2:16  Probe  
  27  2:30  Probe  
  27  2:33  Warp Gate  
  27  2:35  Probe  
  27  2:42  Probe  
  27  2:43  Probe  
  32  2:53  Phoenix  
  32  2:54  Probe  
  32  2:58  Gateway  
  33  3:03  Probe  
  34  3:09  Probe  
  35  3:14  Phoenix  
  35  3:15  Probe  
  38  3:21  Probe  
  38  3:24  Pylon  
  41  3:28  Probe  
  41  3:29  Adept  
  41  3:31  Phoenix  
  41  3:33  Probe  
  43  3:40  Probe  
  46  3:44  Assimilator  
  46  3:45  Probe  
  46  3:48  Phoenix  
  47  3:49  Assimilator  
  47  3:52  Probe  
  48  3:59  Probe  
  48  4:02  Pylon  
  51  4:08  Probe, Forge  
  52  4:12  Probe  
  53  4:21  Probe, Pylon  
  53  4:22  Robotics Facility  
  54  4:25  Probe  
  55  4:33  Adept  
  55  4:34  Adept  
  55  4:36  Probe  
  60  4:41  Protoss Ground Weapons Level 1  
  60  4:48  Shield Battery  
  60  4:55  Sentry, Nexus, Adept  
  60  4:58  Probe x2  
  66  5:04  Pylon  
  66  5:10  Observer, Twilight Council  
  68  5:14  Probe  
  68  5:15  Probe  
  68  5:20  Pylon  
  69  5:22  Immortal  
  69  5:24  Sentry, Adept  
  69  5:26  Probe  
  74  5:35  Photon Cannon  
  78  5:40  Photon Cannon  
  78  5:43  Photon Cannon  
  78  5:45  Charge  
  78  5:46  Probe  
  79  5:53  Gateway  
  79  5:55  Gateway  
  79  6:01  Probe x2  
  81  6:06  Pylon  
  81  6:07  Immortal  
  81  6:09  Zealot, Probe  
  84  6:13  Probe  
  84  6:17  Probe  
  89  6:20  Probe, Protoss Ground Weapons Level 2  
  89  6:25  Probe x2  
  92  6:32  Probe  
  94  6:33  Gateway  
  94  6:34  Gateway  
  94  6:39  Probe  
  95  6:42  Probe  
  95  6:44  Probe  
  95  6:45  Pylon  
  97  6:49  Assimilator x2  
  97  6:55  Immortal  
  97  6:58  Probe  
  97  7:01  Probe  
  103  7:02  Pylon  
  103  7:05  Probe  
  104  7:09  Templar Archives  
  104  7:17  Pylon  
  104  7:19  Nexus  
  104  7:26  Gateway x2  
  104  7:28  Probe x2, Pylon  
  106  7:34  Pylon  
  106  7:37  Immortal  
  106  7:43  Zealot  
  106  7:44  Zealot x2  
  116  7:52  Nexus  
  116  7:54  High Templar x3  
  122  8:02  Assimilator, Gateway x2, Archon  
  122  8:04  High Templar  
  122  8:05  Shield Battery  
  124  8:08  Photon Cannon  
  124  8:09  Archon  
  124  8:11  Assimilator, High Templar x2  
  128  8:16  Probe x2  
  128  8:17  Archon  
  128  8:19  Pylon  
  130  8:20  Warp Prism  
  132  8:30  Zealot x2  
  132  8:33  Zealot x3  
  114  8:40  Zealot  
  104  8:46  Protoss Ground Weapons Level 3  
  104  8:47  Zealot  
  98  8:52  Zealot x2, Immortal  
  98  8:53  Zealot x2  
  104  9:01  High Templar x4  
  104  9:02  Zealot  
  116  9:05  Archon x2  
  116  9:10  Sentry  
  116  9:14  Zealot, Gateway  
  116  9:16  High Templar x2, Gateway  
  124  9:18  Zealot  
  124  9:20  Probe  
  124  9:21  Archon  
  127  9:26  Immortal, Probe  
  127  9:27  Probe  
  133  9:33  Gateway  
  133  9:36  Zealot x2  
  133  9:38  Zealot  
  135  9:48  High Templar x2  
  135  9:49  Zealot, Gateway  
  135  9:50  Gateway  
  135  9:52  Pylon  
  141  9:54  Pylon  
  141  9:55  High Templar x2, Archon  
  145  10:00  Archon  
  145  10:04  Zealot x2, Sentry, Blink  
  145  10:05  Zealot x2  
  155  10:13  Photon Cannon  
  155  10:19  Immortal  
  159  10:22  Pylon  
  159  10:24  Pylon  
  159  10:27  High Templar x2  
  159  10:28  Zealot x2  
  167  10:34  Archon  
  167  10:35  Zealot  
  157  10:37  Zealot  
  157  10:38  Zealot x2  
  157  10:40  High Templar x2  
  167  10:46  Zealot x2, Archon  
  171  10:51  Zealot x2  
  171  10:56  Zealot  
  177  11:00  Zealot, High Templar x2  
  177  11:01  Zealot x2  
  187  11:05  Archon  
  187  11:10  Zealot x2  
  167  11:15  Zealot x4  
Tags
 
Add a new tag
Caveats
  • Supply blocks, unpowered buildings, or Contaminate may cause inaccurate times.
  • Supply counts are checked every 10 seconds.